cohdb
Replays
Latest Replays
All Replays
Popular Replays
Top Player Replays
Match Explorer
How It Works
Community
CoH3 Stats
Reddit
Sign in to upload your games and track your stats! →
Sign in with Steam
Match 37482104
Unlisted
Match 37482104
Overview
Messages
Build Orders
End
Panzergrenadier Squad
250 Light Carrier
Panzergrenadier Squad
Construct Light Support Kompanie
MG34 Team
Fire Support Elements
2.5-tonne Medical Truck
Pak 38 Anti-tank Gun Team
Construct Mechanized Kompanie
Marder III Tank Destroyer
Selects Armored Support Battlegroup
Selects Veteran Gunners
Selects Flammpanzer III Medium Tank
Flammpanzer III Medium Tank
254 Reconnaissance Tractor
Selects Salvage Kits
Selects Salvage Kits
StuG III D Assault Gun
Vehicle Survival Package
2.5-tonne Medical Truck
Selects Panzer Storm
Construct Panzerarmee Kommand
Büdös Búvár
Tsunamic
Medness94
Rather Splendid Cromwell
Turtleboy
GreyFox_13
0
0
Comments
sign in to comment!
No comments posted yet!